 Dungeon Crawl Stone Soup version 0.31.0-2-g5a2aebc5c2 (webtiles) character file.

Game seed: 15031880421863472718

2692 apoch the Grappler (level 9, -10/71 (83) HPs)
             Began as a Troll Shapeshifter on Jan 21, 2024.
             Was a Follower of Trog.
             Mangled by Jeremiah
             ... wielding a +2 trident of draining
              (11 damage)
             ... on level 7 of the Dungeon.
             The game lasted 00:15:22 (5211 turns).

apoch the Grappler (Troll Shapeshifter)             Turns: 5211, Time: 00:15:23

HP:   -10/71 (83)   AC:  5    Str: 28    XL:     9   Next: 38%
MP:   8/8           EV: 10    Int:  6    God:    Trog [*.....]
Gold: 389           SH:  0    Dex:  9    Spells: 8/8 levels left

rFire   . .          .
                       - Unarmed
rCold   . . .        (no shield)
rNeg    + . .        a - +1 animal skin
rPois   +            (helmet currently unavailable)
rElec   .            r - melded +1 cloak {rPois}
rCorr   .            (gloves unavailable)
SInv    .            (boots unavailable)
Will    .....        q - amulet of regeneration
Stlth   +            k - ring of positive energy
HPRegen 1.91/turn    l - ring of poison resistance
MPRegen 0.11/turn

%: no passive effects
@: beast-form, on berserk cooldown, slowed, heavily drained, very slow
A: beast (slay +4), large, unfitting armour, claws 3, regeneration 1, shaggy fur
1, tough skin 1
a: Begin Untransformation, Renounce Religion, Berserk


You were on level 7 of the Dungeon.
You worshipped Trog.
Trog was aware of your devotion.
You were a hulking beast.
You visited 2 branches of the dungeon, and saw 8 of its levels.

You collected 389 gold pieces.

Inventory:

Missiles
 w - 6 large rocks (quivered)
Armour
 a - a +1 animal skin (worn)
 r - a +1 cloak of poison resistance (melded)
Jewellery
 k - a ring of positive energy (left claw)
 l - a ring of poison resistance (right claw)
 m - an amulet of reflection
 q - an amulet of regeneration (around neck)
 v - a +6 ring of intelligence
Talismans
 c - a beast talisman (active)
 d - a flux talisman
Wands
 n - a wand of charming (6)
 p - a wand of polymorph (16)
 t - a wand of flame (34)
Scrolls
 f - 4 scrolls of identify
 i - a scroll of poison
 o - a scroll of immolation
 s - a scroll of teleportation
 u - 2 scrolls of enchant armour
 x - a scroll of vulnerability
Potions
 b - 2 potions of lignification
 e - a potion of invisibility
 h - 4 potions of mutation
 j - a potion of magic
 z - 2 potions of curing


   Skills:
 - Level 3.5 Fighting
 - Level 3.9 Dodging
 + Level 8.6 Unarmed Combat
 + Level 7.9 Shapeshifting


You had 8 spell levels left.
You didn't know any spells.
Your spell library contained the following spells:

 Spells                   Type           Power      Damage    Failure   Level
 Call Imp                 Summ           0%         N/A       58%         2
 Sublimation of Blood     Necr           0%         N/A       58%         2
 Summon Hydra             Summ           0%         N/A       100%        7


Dungeon Overview and Level Annotations

Branches:
Dungeon (7/15)             Temple (1/1) D:5

Altars:
Ashenzari
Dithmenos
Fedhas
Kikubaaqudgha
Makhleb
Nemelex Xobeh
Okawaru
Qazlal
Ru
Sif Muna
Trog
Uskayaw
Vehumet
Wu Jian
Xom
Yredelemnul
Zin

Shops:
D:2 [   D:4 =

Annotations:
D:7 Jeremiah


Innate Abilities, Weirdness & Mutations

You are a hulking beast.
Your limbs bulge with bestial killing power. (Slay +4)
You are too large for most types of armour.
You have claws for hands.
Your natural rate of healing is unusually fast.
You are covered in fur. (AC +1)
You have tough skin. (AC +1)


Message History

You claw the butterfly!
You kill the butterfly!
The butterfly disappears in a burst of colours! x3
Jeremiah hops!
The white imp gestures at you. The puff of frost hits you.
The butterfly disappears in a burst of colours!
The white imp grinds its teeth.
The white imp gestures at you. The puff of frost misses you.
The puff of frost misses the butterfly.
The puff of frost hits the butterfly!
The butterfly dies!
The butterfly disappears in a burst of colours!
You mangle the butterfly!!
You kill the butterfly!
The butterfly disappears in a burst of colours! x4
The white imp gestures at you. The puff of frost hits you!
The butterfly disappears in a burst of colours!
The butterfly disappears in a burst of colours!
Jeremiah shouts, "O dreadful one, destroy my foe!"
Something smites you!
* * * LOW HITPOINT WARNING * * *
The butterfly disappears in a burst of colours! x3
Jeremiah hits you from afar with a +2 trident of draining.
* * * LOW HITPOINT WARNING * * *
You partially resist.
You feel drained.
* * * LOW HITPOINT WARNING * * *
There is an open door, spattered with blood here.
You miss the butterfly.
The butterfly disappears in a burst of colours! x3
Jeremiah hits you from afar with a +2 trident of draining.
* * * LOW HITPOINT WARNING * * *
You partially resist.
You feel drained. The white imp gestures at you. The puff of frost hits you!
* * * LOW HITPOINT WARNING * * *
Jeremiah hits you from afar with a +2 trident of draining!
You die...
Jeremiah wails, "I didn't mean to kill anyone!
I'm not a murderer!"

+......####.........
#..................#
####.bbb....b......#
#.b......###'####
#.....b..###.####
#........##.....#
#.b......######.#
###5....b..# #.#
#bhbbb.....# #.#
###bbb.....# #..
#bFb.....# ###
##+#######


You could see Jeremiah and a white imp.

Vanquished Creatures
  Maurice (D:7)
  2 water moccasins
  Duvessa (D:7)
  A sky beast (D:6)
  2 ice beasts
  An ogre (D:6)
  2 black bears
  A centaur (D:6)
  2 lemures
  2 scorpions
  Dowan (D:7)
  5 wights (D:7)
  5 killer bees (D:6)
  A howler monkey (D:6)
  3 bombardier beetles
  An orc priest (D:6)
  Crazy Yiuf (D:3)
  A jelly (D:5)
  Ijyb (D:4)
  Jessica (D:2)
  Natasha (D:4)
  3 iguanas
  6 orc wizards
  Robin (D:4)
  3 gnolls (D:4)
  4 adders
  A shadow imp (D:6)
  2 white imps
  2 dart slugs
  23 orcs
  4 bats
  7 endoplasms
  3 giant cockroaches
  15 goblins
  4 hobgoblins
  4 jackals
  4 quokkas
  2 ball pythons
  A frilled lizard (D:2)
  4 kobolds
  7 rats
136 creatures vanquished.

Notes
Turn   | Place    | Note
-------+----------+-------------------------------------------
     0 | D:1      | apoch the Troll Shapeshifter began the quest for the Orb.
     0 | D:1      | Reached XP level 1. HP: 18/18 MP: 0/0
    86 | D:1      | You fall into a shaft and drop 1 floor!
   368 | D:1      | Reached skill level 1 in Fighting
   515 | D:1      | Reached XP level 2. HP: 27/27 MP: 1/1
  1110 | D:2      | Noticed Jessica
  1113 | D:2      | Killed Jessica
  1114 | D:2      | Reached XP level 3. HP: 33/33 MP: 2/2
  1383 | D:2      | Found Lyjul's Antique Armour Shoppe.
  1775 | D:3      | Reached XP level 4. HP: 41/41 MP: 3/3
  1854 | D:3      | Noticed a water moccasin
  1858 | D:3      | Killed a water moccasin
  1859 | D:3      | Reached skill level 4 in Unarmed Combat
  1859 | D:3      | Reached XP level 5. HP: 34/49 MP: 4/4
  1946 | D:3      | Found an ornate altar of the Wu Jian Council.
  2120 | D:3      | Found a runed translucent door.
  2121 | D:3      | Noticed Crazy Yiuf
  2126 | D:3      | Killed Crazy Yiuf
  2249 | D:4      | Reached XP level 6. HP: 25/59 MP: 5/5
  2321 | D:4      | Found a sacrificial altar of Ru.
  2376 | D:4      | Noticed Ijyb
  2408 | D:4      | Killed Ijyb
  2649 | D:4      | HP: 2/59 [orc/+0 hand axe (6)]
  2691 | D:4      | Found a shadowy altar of Dithmenos.
  2831 | D:4      | Found Fiphoe Suti's Jewellery Emporium.
  2905 | D:4      | Noticed Robin
  2911 | D:4      | Killed Robin
  2912 | D:4      | Reached XP level 7. HP: 66/67 MP: 6/6
  2952 | D:4      | Found a hazy altar of Hepliaklqana.
  2954 | D:4      | Found a basalt altar of Yredelemnul.
  2954 | D:4      | Found a shadowy altar of Dithmenos.
  2956 | D:4      | Found a sparkling altar of Nemelex Xobeh.
  2956 | D:4      | Found a sparkling altar of Nemelex Xobeh.
  2956 | D:4      | Found a shimmering altar of Xom.
  2957 | D:4      | Noticed Natasha
  2962 | D:4      | Killed Natasha
  3294 | D:5      | Entered Level 5 of the Dungeon
  3363 | D:5      | Found a staircase to the Ecumenical Temple.
  3370 | Temple   | Entered the Ecumenical Temple
  3466 | Temple   | Became a worshipper of Trog the Wrathful
  3500 | D:5      | Reached skill level 5 in Unarmed Combat
  3859 | D:6      | Reached skill level 5 in Shapeshifting
  3962 | D:6      | Reached XP level 8. HP: 59/75 MP: 7/7
  3963 | D:6      | Reached skill level 6 in Unarmed Combat
  4011 | D:6      | HP: 3/75 [killer bee (6)]
  4342 | D:6      | Reached * piety under Trog
  4343 | D:6      | Reached skill level 7 in Unarmed Combat
  4884 | D:7      | Found a stormy altar of Qazlal.
  4885 | D:7      | Noticed Maurice
  4909 | D:7      | Something stole a +6 ring of intelligence
  4912 | D:7      | Killed Maurice
  4913 | D:7      | Reached XP level 9. HP: 71/83 MP: 1/8
  5032 | D:7      | Reached skill level 8 in Unarmed Combat
  5077 | D:7      | Noticed Dowan
  5085 | D:7      | Killed Dowan
  5085 | D:7      | Noticed Duvessa
  5093 | D:7      | Killed Duvessa
  5172 | D:7      | Noticed Jeremiah
  5211 | D:7      | HP: 1/71 [white imp/puff of frost (7)]
  5211 | D:7      | Mangled by Jeremiah

Illustrated notes

Levels and vault maps discovered:
D:1:      minmay_arrival_split_and_join, layout_loops_ring,
          minmay_shallow_snake_nest
D:2:      layout_basic, serial_bayou, serial_bayou_crossing,
          serial_bayou_pond_d, serial_bayou_shore_b, serial_bayou_shore_a,
          serial_bayou_pond_e, serial_shops, nicolae_shop_real_fake_doors,
          uniq_jessica
D:3:      layout_basic, lemuel_tele_altar, minivault_19, uniq_crazy_yiuf_cottage
D:4:      layout_basic, nicolae_dithmenos_the_darkroom, kennysheep_mini_moat,
          doesnt_xom_only_xom, serial_shops, shop, uniq_robin, uniq_natasha,
          uniq_ijyb
D:5:      layout_rooms, minmay_temple_entry_gardened_gates
D:6:      layout_basic, dreamdust_mushroom_princess, uniq_pikel
D:7:      layout_basic, tso_metal_star, amcnicky_altar_gilded,
          nicolae_elyvilon_temple_path, uniq_duvessa, uniq_jeremiah,
          uniq_maurice
Temple:   nicolae_temple_godzebo

Skill      XL: |  1  2  3  4  5  6  7  8  9 |
---------------+----------------------------+-----
Fighting       | 1 2 3 |  3.5
Dodging        | 2 3 |  3.9
Unarmed Combat | 4 5 7 8 |  8.6
Shapeshifting  | 4 5 7 |  7.9

Action                     |  1- 3 |  4- 6 |  7- 9 || total
---------------------------+-------+-------+-------++-------
  Melee: Unarmed           |    50 |   162 |   167 ||   379
         Punch             |     2 |     5 |     8 ||    15
  Throw: Large rock        |       |       |     1 ||     1
 Invoke: Berserk           |       |       |     1 ||     1
    Use: Scroll            |    11 |       |     6 ||    17
         Potion            |       |     2 |     5 ||     7
   Stab: Sleeping          |     2 |       |       ||     2
         Distracted        |       |       |     1 ||     1
 Armour: Animal skin       |    29 |   100 |   168 ||   297
         Skin              |       |     7 |       ||     7
  Dodge: Dodged            |    21 |    68 |   121 ||   210
  Block: Other             |       |    26 |    29 ||    55
         Reflection        |       |       |     2 ||     2
   Form: Beast             |       |     2 |       ||     2
                           |       |     1 |       ||     1
